 Dungeon Crawl Stone Soup version 0.27.0-1-g7a089689b8 (webtiles) character file.

Game seed: 13305883621233441496

1 Crazydiamond the Ruffian (level 1, 0/18 HPs)
             Began as a Naga Transmuter on Aug 16, 2021.
             Frozen to death by an endoplasm (5 damage)
             ... on level 1 of the Dungeon.
             The game lasted 00:00:29 (34 turns).

Crazydiamond the Ruffian (Naga Transmuter)            Turns: 34, Time: 00:00:30

Health: 0/18       AC:  1    Str: 12    XL:     1   Next: 20%
Magic:  3/3        EV:  9    Int: 13    God:
Gold:   0          SH:  0    Dex: 11    Spells: 3/4 levels left

rFire    . . .     SeeInvis +     - Unarmed
rCold    . . .     Faith    .   (no shield)
rNeg     . . .     Spirit   .   a - +0 robe
rPois    +         Reflect  .   (no helmet)
rElec    .         Harm     .   (no cloak)
rCorr    .         Rampage  .   (no gloves)
Will     .....                  (no barding)
Stlth    +.........             (no amulet)
HPRegen  0.06/turn              (no ring)
MPRegen  0.08/turn              (no ring)

@: very slow
A: AC +0, large, see invisible, deformed body, poison resistance, slowness 2,
spit poison 1, naga tail 1
a: Spit Poison


You were on level 1 of the Dungeon.
You visited 1 branch of the dungeon, and saw 1 of its levels.

Inventory:

Armour
 a - a +0 robe (worn)
Potions
 b - a potion of curing {unknown}
 c - a potion of mutation {unknown}
 d - a potion of magic {unknown}


   Skills:
 + Level 1.0 Fighting
 + Level 1.5 Dodging
 + Level 3.1 Unarmed Combat
 + Level 2.0 Spellcasting
 + Level 2.0 Transmutations


You had 3 spell levels left.
You knew the following spells:

 Your Spells              Type           Power      Damage    Failure   Level
a - Beastly Appendage     Tmut           12%        N/A       11%         1

Your spell library contained the following spells:

 Spells                   Type           Power      Damage    Failure   Level
 Wereblood                Tmut           6%         N/A       17%         2
 Spider Form              Tmut/Pois      1%         N/A       45%         3
 Ice Form                 Ice/Tmut       3%         N/A       86%         4


Dungeon Overview and Level Annotations

Branches:
Dungeon (1/15)

Altars:


Innate Abilities, Weirdness & Mutations

Your serpentine skin is tough. (AC +0)
You have supernaturally acute eyesight. (SInv)
Armour fits poorly on your strangely shaped body.
Your system is resistant to poisons. (rPois)
You cover ground very slowly.
You can spit poison.
You have a snake-like lower body.


Message History

Found a chain mail.
c - a bubbling golden potion
d - an emerald potion
Found 23 stones.
There is a dry fountain here.
You see here 23 stones.
A ball python comes into view.
The ball python hisses angrily.
The ball python bites you.
Found a Young Poisoner's Handbook.
Casting: Beastly Appendage (safe; 11% risk of failure)
Confirm with . or Enter, or press ? or * to list all spells.
You grow a pair of large bovine horns.
The ball python barely misses you.
You hit the ball python.
The ball python is severely wounded.
The ball python barely misses you.
You barely miss the ball python.
The ball python is severely wounded.
Your transformation is almost over.
The ball python barely misses you.
You completely miss the ball python.
The ball python is severely wounded.
The ball python bites you. x2
You hit the ball python.
You kill the ball python!
An endoplasm and a hobgoblin come into view.
The endoplasm quivers.
The hobgoblin shouts!
You see here a ball python corpse.
The hobgoblin barely misses you.
You closely miss the hobgoblin. The endoplasm hits you.
The hobgoblin closely misses you. The endoplasm freezes you.
You are frozen.
The hobgoblin hits you.
* * * LOW HITPOINT WARNING * * *
You see here a ball python corpse.
Your horns disappear.
The endoplasm freezes you.
You are frozen.
You die...

#.(⌠...⌠..##
##...........##
#.⌠....⌠....⌠.##
...............##
.⌠...⌠...⌠...⌠..##
.................##
..[⌠.......⌠......#
.......⌠..........#
........@(.......##
#######J##########
.......g..#
.########.# ...
#..# ..:. ....#
...#


You could see an endoplasm and a hobgoblin.

Vanquished Creatures
  A ball python (D:1)
1 creature vanquished.

Notes
Turn   | Place    | Note
-------+----------+-------------------------------------------
     0 | D:1      | Crazydiamond the Naga Transmuter began the quest for the
                  | Orb.
     0 | D:1      | Reached XP level 1. HP: 18/18 MP: 3/3
    34 | D:1      | Frozen to death by an endoplasm

Illustrated notes

Levels and vault maps discovered:
D:1:      dpeg_arrival_lava_temple_mockup, layout_basic,
          hangedman_feature_mirror

Action                   || total
-------------------------++-------
Melee: Unarmed           ||     5
 Cast: Beastly Appendage ||     1
Dodge: Dodged            ||     5
